 Dungeon Crawl Stone Soup version 0.22.1-2-g9c5b331383 (webtiles) character file.

583 Knicklaso the Magician (level 7, -3/51 HPs)
             Began as a Demonspawn Wizard on Nov 26, 2018.
             Was an Initiate of Kikubaaqudgha.
             Slain by a sky beast (5 damage)
             ... on level 5 of the Dungeon.
             The game lasted 00:15:29 (6890 turns).

Knicklaso the Magician (Demonspawn Wizard)          Turns: 6890, Time: 00:15:30

Health: -3/51      AC: -5    Str:  8    XL:     7   Next: 14%
Magic:  12/13      EV: 14    Int: 21    God:    Kikubaaqudgha [......]
Gold:   234        SH:  0    Dex: 11    Spells: 9/14 levels left

rFire    . . .     SeeInvis .   s - +2 dagger (elec)
rCold    + . .     Gourm    .   (no shield)
rNeg     . . .     Faith    .   a - +0 robe
rPois    .         Spirit   .   b - +0 hat
rElec    .         Reflect  .   (no cloak)
rCorr    .         Harm     .   p - +0 pair of gloves
MR       .....                  (no boots)
Stlth    ++........             (no amulet)
HPRegen  0.17/turn              (no ring)
MPRegen  0.13/turn              (no ring)

@: corroded
A: repulsion field 1, cold resistance 1
a: Renounce Religion


You were on level 5 of the Dungeon.
You worshipped Kikubaaqudgha.
Kikubaaqudgha was noncommittal.
You were not hungry.

You visited 2 branches of the dungeon, and saw 6 of its levels.

You collected 234 gold pieces.

Inventory:

Hand Weapons
 s - a +2 dagger of electrocution (weapon)
Armour
 a - a +0 robe (worn)
 b - a +0 hat (worn)
 p - a +0 pair of gloves (worn)
 v - a +0 buckler
 z - a +3 leather armour
Jewellery
 y - a +3 ring of strength {unknown}
 D - an uncursed ring of protection from fire {unknown}
 E - an uncursed ring of see invisible {unknown}
Scrolls
 e - 2 scrolls of teleportation {unknown}
 g - a scroll of amnesia {unknown}
 h - 8 scrolls of identify {unknown}
 k - 3 scrolls of remove curse {unknown}
 m - a scroll of immolation {unknown}
 o - a scroll of enchant weapon {unknown}
 q - 2 scrolls of magic mapping {unknown}
 t - 3 scrolls of noise {unknown}
 u - a scroll of fear {unknown}
 w - 3 scrolls of fog {unknown}
 x - 2 scrolls of enchant armour {unknown}
Potions
 c - a potion of heal wounds
 f - a potion of haste {unknown}
 i - 2 potions of flight {unknown}
 j - a potion of ambrosia {unknown}
 l - a potion of mutation {unknown}
 n - 6 potions of curing {unknown}
 r - a potion of lignification {unknown}
 A - a potion of brilliance {unknown}
 B - a potion of cancellation {unknown}
 C - a potion of invisibility {unknown}
Comestibles
 d - 7 rations


   Skills:
 + Level 2.3 Fighting
 * Level 1.6 Short Blades
 - Level 2.7 Dodging
 - Level 2.1 Stealth
 + Level 1.9 Shields
 + Level 4.2 Spellcasting
 - Level 2.5 Conjurations
 - Level 3.0 Summonings
 + Level 2.2 Translocations


You had 9 spell levels left.
You knew the following spells:

 Your Spells              Type           Power        Failure   Level  Hunger
a - Magic Dart            Conj           ###.         4%          1    None
b - Blink                 Tloc           N/A          7%          2    #......
d - Call Imp              Summ           ###.....     5%          2    #......

Your spell library contained the following spells:

 Spells                   Type           Power        Failure   Level  Hunger
 Slow                     Hex            #.......     19%         2    #......
 Conjure Flame            Conj/Fire      #.......     21%         3    ###....
 Mephitic Cloud           Conj/Pois/Air  #.......     26%         3    ###....


Dungeon Overview and Level Annotations

Branches:
Dungeon (5/15)             Temple (1/1) D:4

Altars:
Dithmenos
Gozag
Hepliaklqana
Kikubaaqudgha
Nemelex Xobeh
Okawaru
Qazlal
Trog
Uskayaw
Wu Jian
Xom
Zin
The Shining One


Innate Abilities, Weirdness & Mutations

You are surrounded by a mild repulsion field. (EV +2)
Your flesh is cold resistant. (rC+)


Message History

Lightning courses through the crimson imp!
You kill the crimson imp!
Kikubaaqudgha accepts your kill. Something hits you. Something shocks you.
* * * LOW HITPOINT WARNING * * *
Your crimson imp blinks!
You barely miss the scorpion. The scorpion stings you!
* * * LOW HITPOINT WARNING * * *
A sky beast appears from thin air!
Reactivating autopickup.
The sky beast barely misses you.
Your crimson imp closely misses the sky beast.
You swap places.
The scorpion stings your crimson imp. The sky beast barely misses you.
Your crimson imp hits the scorpion.
The scorpion barely misses your crimson imp.
The sky beast hits you.
* * * LOW HITPOINT WARNING * * *
The sky beast shocks you.
You die...
Kikubaaqudgha rasps: "You have failed me!
Welcome... death!"

............. ........#..
...5...... ##.......#
##########..........##
#....##... #.......#
##.##.##.#######Y#s...##.
#...#..........@.5.......
#......#########.......
#...#†..## #......
##.##...# ...... # #....#
..... #....# ..... #...<#
#... ###### #..


You could see a sky beast, a scorpion and 2 friendly crimson imps.

Vanquished Creatures
  An ice beast (D:5)
  An ogre (D:4)
  A crimson imp (D:5)
  An orc wizard (D:4)
  An orc priest (D:3)
  2 hounds
  A worker ant (D:5)
  A hound skeleton (D:4)
  Robin (D:2)
  7 adders
  2 worms
  3 leopard geckos
  6 orcs
  3 giant cockroaches
  9 goblins
  13 hobgoblins
  5 jackals
  2 quokkas
  4 bats (D:1)
  3 frilled lizards
  5 kobolds
  7 rats
79 creatures vanquished.

Vanquished Creatures (collateral kills)
  A sky beast (D:5)
  A scorpion (D:4)
  A jelly (D:5)
  An adder (D:2)
  3 worms
  A dart slug (D:4)
  An orc (D:4)
  A giant cockroach (D:3)
  A jackal (D:5)
11 creatures vanquished.

Grand Total: 90 creatures vanquished

Notes
Turn   | Place    | Note
-------+----------+-------------------------------------------
     0 | D:1      | Knicklaso the Demonspawn Wizard began the quest for the
                  | Orb.
     0 | D:1      | Reached XP level 1. HP: 13/13 MP: 4/4
   882 | D:2      | Gained mutation: Your flesh is cold resistant. (rC+)
                  | [demonic ancestry]
   882 | D:2      | Reached XP level 2. HP: 20/20 MP: 3/6
   916 | D:2      | HP: 1/20 [poisoned by an adder]
  1660 | D:2      | Reached XP level 3. HP: 25/25 MP: 4/7
  1796 | D:2      | Reached skill level 1 in Fighting
  1829 | D:2      | Found a shadowy altar of Dithmenos.
  2148 | D:2      | Noticed Robin
  2812 | D:2      | Killed Robin
  2812 | D:2      | Reached XP level 4. HP: 11/32 MP: 5/9
  3082 | D:2      | Learned a level 2 spell: Call Imp
  4369 | D:3      | Gained mutation: You are surrounded by a mild repulsion
                  | field. (EV +2) [demonic ancestry]
  4369 | D:3      | Reached XP level 5. HP: 37/38 MP: 6/10
  4594 | D:3      | Found an ornate altar of the Wu Jian Council.
  4739 | D:3      | Found a hide-covered altar of Uskayaw.
  4849 | D:4      | Learned a level 2 spell: Blink
  4873 | D:4      | Reached skill level 1 in Translocations
  5278 | D:4      | Found an iron altar of Okawaru.
  5338 | D:4      | Noticed an ogre
  5356 | D:4      | Killed an ogre
  5356 | D:4      | Reached skill level 1 in Shields
  5356 | D:4      | Reached XP level 6. HP: 44/44 MP: 4/11
  5541 | D:4      | Reached skill level 4 in Spellcasting
  5775 | D:4      | Found a staircase to the Ecumenical Temple.
  5780 | Temple   | Entered the Ecumenical Temple
  6182 | Temple   | Became a worshipper of Kikubaaqudgha
  6533 | D:5      | Entered Level 5 of the Dungeon
  6544 | D:5      | Noticed an ice beast
  6567 | D:5      | Killed an ice beast
  6628 | D:5      | Noticed a sky beast
  6641 | D:5      | Killed a sky beast
  6641 | D:5      | Reached skill level 1 in Short Blades
  6859 | D:5      | Reached XP level 7. HP: 50/50 MP: 8/13
  6890 | D:5      | HP: 2/51 [sky beast (4)]
  6890 | D:5      | Slain by a sky beast

Skill      XL: |  1  2  3  4  5  6 |
---------------+-------------------+-----
Dodging        | 2 |  2.7
Conjurations   | 2 |  2.5
Fighting       | 1 2 |  2.3
Stealth        | 2 |  2.1
Summonings     | 2 3 |  3.0
Translocations | 1 2 |  2.2
Shields        | 1 |  1.9
Spellcasting   | 4 |  4.2
Short Blades   | 1 |  1.6

Action                   |  1- 3 |  4- 6 |  7- 9 || total
-------------------------+-------+-------+-------++-------
Melee: Falchion          |    15 |       |       ||    15
       Dagger            |    16 |   143 |    14 ||   173
 Cast: Magic Dart        |    63 |    29 |       ||    92
       Call Imp          |       |    36 |       ||    36
  Use: Potion            |     1 |       |       ||     1
 Stab: Sleeping          |       |     3 |       ||     3
  Eat: Chunk             |     6 |    13 |       ||    19
Armor: Robe              |    17 |    24 |     1 ||    42
Dodge: Dodged            |    50 |    90 |    13 ||   153
       Rpst.: Falchion   |     6 |       |       ||     6
